AoeStats
← ska_18

QS Arena

503213376Analyzed
3v3 RM · 1mo ago on Aug 30, 2026· 52m 52s· 6 players
Game mode
Random Map
Map size
Normal (6 player)
Population
200
Speed
Normal
Resources
Standard
Victory
Conquest
Starting age
Dark Age
Ending age
Imperial Age
RankedLock teamsTeams togetherTeam positionsShared explorationLock speedFull tech treeHidden civsTurbo modeCheats
Victory
Defeat
🇦🇹 Saracens · Austria
1071
+18
🇨🇴 Japanese · Colombia
1059
+19
🇩🇪 Goths · Germany
1037
+19
🇹🇷 Poles · Türkiye
1249
-24
🇹🇷 Aztecs · Türkiye
1210
-23
🇹🇷 Britons · Türkiye
885
-9
ska_18
7:38 Feudal Age
10:15 Loom
13:19 Castle Age
11:16 Horse Collar
12:06 Double-Bit Axe
15:15 Wheelbarrow
14:59 Bow Saw
19:00 Sanctity
20:05 Hand Cart
21:09 Heavy Plow
22:35 Gold Mining
22:35 Stone Mining
23:19 Town Watch
25:22 Fletching
25:43 Forging
25:39 Scale Barding Armor
26:11 Gold Shaft Mining
29:25 Imperial Age
27:14 Bodkin Arrow
29:08 Iron Casting
28:53 Chain Barding Armor
29:11 Bimaristan
29:59 Murder Holes
29:44 Treadmill Crane
30:08 Town Patrol
32:03 Chemistry
31:25 Fervor
31:28 Masonry
32:07 Conscription
32:27 Plate Barding Armor
32:42 Bloodlines
32:32 Husbandry
31:53 Light Cavalry
34:27 Two-Man Saw
34:29 Blast Furnace
33:31 Bracer
34:06 Elite Mameluke
35:22 Hoardings
35:47 Coinage
37:01 Banking
44:47 Siege Engineers
44:53 Fortified Wall
45:03 Ballistics
45:00 Hussar
51:06 Caravan
50:28 Heavy Camel Rider
[Süddelz] Paga
0:50 Loom
10:02 Feudal Age
13:56 Castle Age
12:05 Horse Collar
12:14 Double-Bit Axe
26:55 Imperial Age
25:55 Forging
25:45 Scale Mail Armor
25:50 Anarchy
27:41 Perfusion
28:04 Conscription
29:29 Iron Casting
29:09 Chain Mail Armor
30:00 Bow Saw
29:43 Gold Mining
29:59 Heavy Plow
34:05 Blast Furnace
32:28 Elite Huskarl
32:32 Pikeman
33:14 Squires
34:34 Two-Man Saw
33:07 Halberdier
40:24 Caravan
40:28 Man-at-Arms
41:11 Long Swordsman
42:08 Two-Handed Swordsman
43:24 Crop Rotation
42:33 Champion
briantorresr25
8:23 Feudal Age
14:06 Castle Age
12:29 Horse Collar
12:50 Double-Bit Axe
24:53 Forging
24:44 Scale Mail Armor
28:22 Bow Saw
27:40 Pikeman
28:20 Squires
28:42 Elite Skirmisher
30:43 Fortified Wall
30:58 Ballistics
34:58 Imperial Age
38:36 Pikeman
39:16 Squires
42:21 Halberdier
42:35 Onager
fatilla
9:02 Feudal Age
12:59 Castle Age
11:05 Double-Bit Axe
11:28 Horse Collar
13:46 Heavy Plow
14:18 Bow Saw
14:38 Stone Mining
19:03 Wheelbarrow
19:55 Gold Mining
21:05 Hand Cart
20:36 Loom
25:31 Imperial Age
23:13 Town Watch
23:46 Forging
25:05 Iron Casting
24:35 Scale Barding Armor
25:17 Husbandry
25:28 Bloodlines
24:40 Light Cavalry
26:24 Szlachta Privileges
26:42 Lechitic Legacy
26:42 Conscription
26:03 Light Cavalry
27:55 Winged Hussar
30:08 Chain Barding Armor
30:49 Blast Furnace
30:05 Town Patrol
30:08 Capped Ram
34:01 Crop Rotation
34:18 Siege Ram
40:07 Elite Obuch
40:53 Scale Mail Armor
43:56 Thumb Ring
43:11 Crossbowman
45:22 Chain Mail Armor
44:40 Elite Skirmisher
49:11 Padded Archer Armor
49:01 Fletching
50:15 Leather Archer Armor
52:43 Plate Mail Armor
52:09 Bodkin Arrow
Robespierre
8:20 Feudal Age
13:16 Castle Age
11:14 Fletching
11:14 Double-Bit Axe
11:20 Horse Collar
12:30 Fletching
13:44 Crossbowman
16:22 Bow Saw
18:23 Fervor
19:39 Wheelbarrow
19:19 Bodkin Arrow
20:42 Sanctity
20:40 Man-at-Arms
21:06 Gambesons
21:38 Heavy Plow
21:58 Gold Mining
23:14 Hand Cart
23:02 Long Swordsman
26:33 Loom
27:23 Squires
30:57 Imperial Age
29:28 Ballistics
29:48 Gold Shaft Mining
29:45 Town Watch
30:07 Pikeman
30:33 Arson
30:49 Scale Mail Armor
31:00 Forging
31:33 Padded Archer Armor
32:14 Stone Mining
33:02 Crop Rotation
32:36 Bracer
33:39 Chemistry
32:01 Arbalester
32:10 Capped Ram
32:14 Two-Handed Swordsman
33:33 Champion
34:12 Siege Ram
35:07 Siege Engineers
36:05 Chain Mail Armor
36:25 Iron Casting
36:08 Chain Mail Armor
35:27 Elite Skirmisher
37:09 Onager
38:22 Block Printing
38:32 Illumination
38:43 Theocracy
38:27 Redemption
38:43 Illumination
38:53 Theocracy
39:36 Plate Mail Armor
40:06 Blast Furnace
39:50 Garland Wars
40:14 Stone Shaft Mining
43:53 Leather Archer Armor
43:52 Fortified Wall
43:37 Murder Holes
43:23 Treadmill Crane
43:40 Elite Jaguar Warrior
45:56 Conscription
45:37 Atlatl
47:03 Eagle Warrior
maximilian
9:24 Feudal Age
9:26 Loom
9:57 Double-Bit Axe
10:06 Gold Mining
9:58 Horse Collar
15:09 Stone Mining
17:22 Castle Age
19:06 Gold Shaft Mining
19:15 Bow Saw
21:04 Heavy Plow
23:03 Wheelbarrow
22:09 Crossbowman
22:47 Fletching
24:42 Ballistics
29:39 Imperial Age
27:28 Hand Cart
27:14 Pikeman
27:55 Squires
28:26 Bodkin Arrow
28:48 Town Watch
29:42 Scale Barding Armor
29:48 Forging
29:41 Padded Archer Armor
30:35 Bracer
30:54 Leather Archer Armor
31:42 Chemistry
31:06 Yeomen
32:06 Two-Man Saw
31:10 Arbalester
32:52 Ring Archer Armor
32:24 Scale Mail Armor
33:33 Chain Mail Armor
33:57 Iron Casting
33:53 Elite Longbowman
35:33 Murder Holes
35:19 Treadmill Crane
35:50 Masonry
36:00 Halberdier
37:04 Conscription
38:22 Town Patrol
39:02 Plate Mail Armor
46:56 Blast Furnace
Connection lost

Rejoining the realm…

Still unreachable

The connection could not be restored.

Session expired

The server has moved on; the page needs a fresh start.